Map: Ruines d’Endion

Players

Erushi - Winner!

  • Race: Terran Terran
  • Spawn Location: 7:00

zidar

  • Race: Zerg Zerg
  • League: Gold
  • Spawn Location: 5:00

VOD

Have the link to the VOD?

Description

Time

  • Played on: June 7, 2016, 2:39 p.m.
  • Length: 6:16
Show
View Real Time Build Order
Export as new Build Order

Erushi Terran - Winner!

Build Orders: Liberator Opening 

Get SALT Encoding   

  12  0:01  SCV  
  13  0:13  SCV  
  14  0:18  Supply Depot  
  14  0:25  SCV  
  15  0:31  Refinery  
  15  0:39  SCV  
  16  0:45  Barracks  
  16  0:51  SCV  
  17  0:59  Supply Depot  
  17  1:04  SCV  
  18  1:10  Refinery  
  18  1:16  SCV  
  19  1:28  SCV  
  20  1:40  SCV  
  20  1:43  Marine  
  23  1:54  Orbital Command  
  23  1:59  Factory  
  22  2:04  Marine  
  23  2:17  Barracks  
  23  2:22  SCV  
  24  2:24  Supply Depot  
  24  2:26  Marine  
  25  2:34  SCV  
  26  2:38  Engineering Bay  
  26  2:46  Starport  
  26  2:49  Marine  
  27  2:53  SCV  
  28  2:59  Factory Reactor  
  28  3:05  SCV  
  29  3:06  Marine  
  29  3:07  Marine  
  31  3:25  Marine  
  31  3:26  Barracks Tech Lab  
  32  3:28  Terran Infantry Weapons Level 1  
  32  3:38  Liberator  
  32  3:40  SCV  
  33  3:44  Factory Reactor, Supply Depot  
  33  3:48  Barracks, Liberator  
  33  3:49  Stimpack  
  33  3:50  Marine  
  33  3:51  Marine  
  41  4:10  Marine  
  41  4:15  Barracks Reactor  
  42  4:29  Marine  
  45  4:40  Medivac  
  47  4:45  Widow Mine  
  47  4:53  Supply Depot x3  
  47  5:14  Marine x2  
  49  5:33  Marine x5  
  56  5:36  Medivac x2  
  56  5:39  Widow Mine  
  60  5:51  Marine x2  
Show
View Real Time Build Order
Export as new Build Order

zidar Zerg 

Build Orders: Hatch First 

Get SALT Encoding   

  12  0:02  Drone  
  13  0:12  Overlord  
  13  0:17  Drone  
  14  0:31  Drone x2  
  14  0:34  Drone  
  17  0:57  Hatchery  
  17  0:58  Drone  
  17  1:01  Extractor  
  17  1:04  Drone  
  17  1:23  Spawning Pool  
  17  1:25  Drone  
  17  1:46  Overlord, Drone  
  18  1:47  Drone  
  19  1:58  Drone  
  19  2:10  Metabolic Boost  
  19  2:24  Baneling Nest  
  19  2:28  Drone x4  
  22  2:44  Queen  
  22  2:45  Queen  
  22  2:47  Drone  
  27  3:02  Drone x3  
  30  3:06  Extractor  
  30  3:10  Extractor x2  
  27  3:21  Pneumatized Carapace  
  27  3:22  Zergling x2  
  27  3:23  Zergling x2  
  29  3:47  Lair  
  29  3:56  Drone x7  
  36  4:03  Hatchery  
  36  4:09  Overlord  
  35  4:10  Overlord  
  35  4:35  Drone x3  
  38  4:40  Zergling x12  
  38  4:43  Centrifical Hooks  
  44  4:47  Baneling x3  
  44  4:48  Baneling  
  39  5:14  Baneling  
  39  5:19  Spore Crawler  
  39  5:21  Queen  
  37  5:34  Spore Crawler  
  36  5:40  Spore Crawler  
  35  5:45  Spore Crawler  
  34  5:53  Zergling x12  
Tags
 
Add a new tag
Caveats
  • Supply blocks, unpowered buildings, or Contaminate may cause inaccurate times.
  • Supply counts are checked every 10 seconds.